 Dungeon Crawl Stone Soup version 0.30-a0-778-g2ef04afb54 (webtiles) character file.

Game seed: 6952078288856064363

463 Pimp the Sneak (level 6, -9/41 (43) HPs)
             Began as a Vampire Enchanter on Feb 15, 2023.
             Killed by divine providence
             ... invoked by an orc priest
              (14 damage)
             ... on level 4 of the Dungeon.
             The game lasted 00:17:53 (3673 turns).

Pimp the Sneak (Vampire Enchanter)                  Turns: 3673, Time: 00:17:54

HP:   -9/41 (43)    AC:  6    Str:  7    XL:     6   Next: 79%
MP:   10/10         EV: 13    Int: 19    God:
Gold: 91            SH:  0    Dex: 15    Spells: 5/10 levels left

rFire   + . .      SeeInvis +    a - +1 dagger
rCold   . . .      Faith    .    (no shield)
rNeg    . . .      Spirit   .    b - +0 robe
rPois   .          Reflect  .    (no helmet)
rElec   .          Harm     .    o - +0 cloak
rCorr   .          Rampage  .    n - +1 pair of gloves
Will    .....                    e - +0 pair of boots
Stlth   ++++                     (no amulet)
HPRegen 0.46/turn                h - ring of protection from fire
MPRegen 0.12/turn                (no ring)

@: healing quickly, lightly drained
A: alive, fangs 3, see invisible, vampiric 2
a: Exsanguinate


You were on level 4 of the Dungeon.
You visited 1 branch of the dungeon, and saw 4 of its levels.

You collected 205 gold pieces.
You spent 114 gold pieces at shops.

Inventory:

Hand Weapons
 a - a +1 dagger (weapon)
 B - a +0 dagger of draining
Missiles
 i - 6 poisoned darts (quivered)
 A - 5 boomerangs of dispersal
Armour
 b - a +0 robe (worn)
 e - a +0 pair of boots (worn)
 n - a +1 pair of gloves (worn)
 o - a +0 cloak (worn)
Jewellery
 h - a ring of protection from fire (left hand)
Scrolls
 g - a scroll of brand weapon {unknown}
 k - a scroll of magic mapping {unknown}
 l - a scroll of poison {unknown}
 m - 2 scrolls of identify
 p - 5 scrolls of teleportation
 s - a scroll of enchant armour
 u - a scroll of enchant weapon {unknown}
 x - a scroll of fog {unknown}
 y - a scroll of blinking {unknown}
Potions
 c - 2 potions of invisibility
 f - a potion of lignification {unknown}
 j - 2 potions of mutation {unknown}
 q - a potion of heal wounds {unknown}
 r - 2 potions of curing
 w - a potion of ambrosia {unknown}
 z - a potion of haste {unknown}
 C - 2 potions of flight {unknown}


   Skills:
 + Level 1.2 Fighting
 + Level 3.9 Short Blades
 + Level 3.6 Dodging
 + Level 7.0 Stealth
 + Level 2.9 Spellcasting
 + Level 5.7 Hexes
 + Level 1.3 Ice Magic


You had 5 spell levels left.
You knew the following spells:

 Your Spells              Type           Power      Damage    Failure   Level
b - Ensorcelled Hibernat  Hex/Ice        32%        N/A       5%          2
c - Mephitic Cloud        Conj/Pois/Air  2%         N/A       43%         3

Your spell library contained the following spells:

 Spells                   Type           Power      Damage    Failure   Level
 Confusing Touch          Hex            24%        N/A       4%          3
 Tukima's Dance           Hex            24%        N/A       4%          3
 Dazzling Flash           Conj/Hex       26%        N/A       14%         3
 Magic Dart               Conj           8%         1d3       16%         1
 Call Imp                 Summ           2%         N/A       24%         2
 Sublimation of Blood     Necr           2%         N/A       24%         2
 Wereblood                Tmut           2%         N/A       24%         2
 Spider Form              Tmut/Pois      2%         N/A       43%         3
 Anguish                  Hex/Necr       6%         N/A       43%         4
 Leda's Liquefaction      Hex/Erth       6%         N/A       43%         4
 Lee's Rapid Deconstruct  Erth           1%         3d4*      99%         5
 Statue Form              Tmut/Erth      1%         N/A       100%        6
 Summon Hydra             Summ           1%         N/A       100%        7


Dungeon Overview and Level Annotations

Branches:
Dungeon (4/15)
 Temple: D:4-7

Altars:
Dithmenos
Kikubaaqudgha
Nemelex Xobeh
Wu Jian
Lugonu

Shops:
D:1 ?   D:2 ?   D:4 (

Portals:
Abyss: D:3

Annotations:
D:4 asti's ghost, amateur MiBe


Innate Abilities, Weirdness & Mutations

Your natural rate of healing is accelerated.
You have razor-sharp teeth.
You have supernaturally acute eyesight. (SInv)
You are afflicted with vampirism and can become a bat while bloodless.


Message History

The spell is quite dangerous to miscast (43% risk of failure)!
Continue anyway?
Aiming: Mephitic Cloud (quite dangerous; 43% risk of failure)
Press: ? - help, Shift-Dir - straight line, p - orc That beam is likely to hit you.
Continue anyway? [Y]es or [N]o only, please.
That beam is likely to hit you.
Continue anyway?
Okay, then.
Casting: Mephitic Cloud (quite dangerous; 43% risk of failure)
Confirm with . or Enter, or press ? or * to list all spells.
The spell is quite dangerous to miscast (43% risk of failure)!
Continue anyway?
Uppercase [Y]es or [N]o only, please.
The spell is quite dangerous to miscast (43% risk of failure)!
Continue anyway?
Aiming: Mephitic Cloud (quite dangerous; 43% risk of failure)
Press: ? - help, Shift-Dir - straight line
Okay, then.
Unknown command.
Asti's ghost hits you. Asti's ghost attacks as you move away!
Asti's ghost hits you but does no damage.
Asti's ghost screams in joy, "As in life, so in death: Kill!
Kill!!
Kill!!!"
The orc priest mumbles some strange prayers to Beogh against you.
Beogh smites you! Asti's ghost attacks as you move away!
Asti's ghost hits you but does no damage.
The orc priest calls down the wrath of Beogh upon you.
Beogh smites you!
* * * LOW HITPOINT WARNING * * *
Asti's ghost attacks as you move away! Asti's ghost hits you.
* * * LOW HITPOINT WARNING * * *
Asti's ghost attacks as you move away!
Asti's ghost hits you but does no damage.
Asti's ghost says, "Are you willing to die fighting?
I was!"
Asti's ghost attacks as you move away!
Asti's ghost hits you but does no damage.
Asti's ghost attacks as you move away! Asti's ghost barely misses you.
Asti's ghost attacks as you move away! Asti's ghost hits you.
* * * LOW HITPOINT WARNING * * *
The orc priest calls down the wrath of Beogh upon you.
Beogh smites you!
You die...

##.#### #..# ###.####
##> ......# ##.# #.#
#.. ##.##.# #.# #.#
####.. ##.##.# #.#
##'## #..... ##.##.#
###o#####
##...###.##.. ##.##.#
#......)#
##.....##.##..
##.##.###.###.#.#
##.......#.##.#
.#.##.##.##
##.W###..........##..
...o..o..#
#.o@.'....>.........
.#o#####.##
##..###.........###..
##.# ##.###.#.#
##.......## #.# .o.#
#....##.# ##.....##
#.# #### #.......#
##...## #.# #
###.##### ##'## #.# #
#.# #.# #.# #
#.######### #.# #.#
#.#......<###.## #.#


You could see an orc priest, asti's ghost and an orc.

Vanquished Creatures
  An ogre (D:3)
  A centaur (D:4)
  A hound (D:4)
  An iguana (D:4)
  Natasha (thrice) (D:4)
  6 adders
  4 gnolls (D:3)
  A shadow imp (D:3)
  A dart slug (D:1)
  2 orcs
  5 endoplasms
  3 giant cockroaches
  10 goblins
  5 hobgoblins
  4 jackals (D:2)
  4 quokkas
  6 ball pythons
  2 bats
  5 frilled lizards
  8 kobolds
  6 rats
79 creatures vanquished.

Vanquished Creatures (others)
  4 plants (D:4)
4 creatures vanquished.

Grand Total: 83 creatures vanquished

Notes
Turn   | Place    | Note
-------+----------+-------------------------------------------
     0 | D:1      | Pimp the Vampire Enchanter began the quest for the Orb.
     0 | D:1      | Reached XP level 1. HP: 13/13 MP: 3/3
   150 | D:1      | Found Notaf's Magic Scroll Shop.
   159 | D:1      | Reached XP level 2. HP: 14/19 MP: 5/5
   698 | D:2      | Reached skill level 5 in Hexes
   804 | D:2      | Reached skill level 5 in Stealth
   827 | D:2      | Gained mutation: You are afflicted with vampirism and can
                  | become a bat while bloodless. [Vampire growth]
   827 | D:2      | Reached XP level 3. HP: 24/24 MP: 6/6
   835 | D:2      | Learned a level 3 spell: Confusing Touch
   838 | D:2      | Learned a level 2 spell: Ensorcelled Hibernation
  1047 | D:2      | Found Olyufott's Magic Scroll Shoppe.
  1297 | D:3      | Found a large runed translucent door.
  1297 | D:3      | Found a large runed translucent door.
  1321 | D:3      | Found a corrupted altar of Lugonu.
  1321 | D:3      | Noticed Natasha
  1393 | D:4      | Killed Natasha
  1394 | D:4      | Reached XP level 4. HP: 19/31 MP: 2/7
  1610 | D:3      | Found a one-way gate to the infinite horrors of the Abyss.
  1719 | D:3      | Found an ornate altar of the Wu Jian Council.
  2042 | D:3      | Found an ancient bone altar of Kikubaaqudgha.
  2115 | D:3      | Reached XP level 5. HP: 9/36 MP: 3/8
  2224 | D:3      | Reached skill level 6 in Stealth
  2260 | D:3      | Noticed an ogre
  2301 | D:3      | Killed an ogre
  2302 | D:3      | Reached skill level 1 in Ice Magic
  2609 | D:4      | Reached XP level 6. HP: 15/42 MP: 7/10
  2724 | D:4      | Found a shadowy altar of Dithmenos.
  2726 | D:4      | Found a sparkling altar of Nemelex Xobeh.
  2770 | D:4      | Learned a level 3 spell: Mephitic Cloud
  2800 | D:4      | Noticed Natasha
  2813 | D:4      | Reached skill level 1 in Fighting
  2833 | D:4      | Killed Natasha
  2850 | D:4      | Noticed Natasha
  2856 | D:4      | Found Iciboarech's Antique Weapon Shop.
  2869 | D:4      | Killed Natasha
  2999 | D:4      | Reached skill level 7 in Stealth
  3185 | D:4      | Found a runed translucent gate.
  3186 | D:4      | Found a runed translucent gate.
  3187 | D:4      | Found a runed translucent gate.
  3191 | D:4      | Noticed asti's ghost (amateur MiBe)
  3571 | D:4      | Bought a runed falchion for 114 gold pieces
  3673 | D:4      | Killed from afar by an orc priest

Illustrated notes

Levels and vault maps discovered:
D:1:      ncdulo_smallfort, layout_rooms, serial_curves, eino_curves_03,
          eino_curves_02, serial_shops, shop, kennysheep_nondescript
D:2:      layout_basic, serial_shops, shop
D:3:      due_chaos_kobolds, layout_rooms, nicolae_kikubaaqudgha_miasma_corner,
          mainiacjoe_overflow_six_doors_small,
          nicolae_concentric_dashed_squares_wild, minivault_4, st_stairs_11,
          minmay_ogre_servants, uniq_natasha
D:4:      layout_loops_corners, nicolae_overflow_hidden_temple,
          biasface_ghost_orc_armoury, serial_shops,
          nicolae_shop_overgrown_old_shop

Skill      XL: |  1  2  3  4  5  6 |
---------------+-------------------+-----
Hexes          | 5 |  5.7
Stealth        | 5 6 7 |  7.0
Short Blades   | 2 3 |  3.9
Dodging        | 3 |  3.6
Ice Magic      | 1 |  1.3
Fighting       | 1 |  1.2
Spellcasting   | |  2.9

Action                     |  1- 3 |  4- 6 || total
---------------------------+-------+-------++-------
  Melee: Dagger            |   133 |   179 ||   312
         Bite              |    13 |    17 ||    30
         Punch             |     1 |       ||     1
   Cast: Ensorcelled Hiber |     3 |    15 ||    18
    Use: Scroll            |       |     4 ||     4
   Stab: Sleeping          |    10 |    14 ||    24
 Armour: Robe              |    42 |    48 ||    90
  Dodge: Dodged            |    98 |    88 ||   186

Table legend: (Time is in decaauts)
 A = Elapsed time spent in this place.
 B = Non-inter-level travel time spent in this place.
 C = Inter-level travel time spent in this place.
 D = Time resting spent in this place.
 E = Time spent auto-exploring this place.
 F = Levels seen in this place.
 G = Mean time per level.
                   A        B        C        D        E       F      G
               +--------+--------+--------+--------+--------+-----+--------+
         Total |   3645 |   3434 |    211 |    163 |   2271 |   4 |  911.2 |
       Dungeon |   3645 |   3434 |    211 |    163 |   2271 |   4 |  911.2 |
               +--------+--------+--------+--------+--------+-----+--------+

Top non-repeatable levels by time:
     D:4: 1272 daAuts
     D:3: 1096 daAuts
     D:1: 691 daAuts
     D:2: 585 daAuts
